 Dungeon Crawl Stone Soup version 0.31-a0-466-g98c9adc2b6 (webtiles) character file.

Game seed: 5901922124505275170

3157 Ofeo the Fighter (level 9, -1/84 HPs)
             Began as a Demonspawn Shapeshifter on Aug 6, 2023.
             Succumbed to a killer bee's poison
             ... on level 7 of the Dungeon.
             The game lasted 00:11:46 (7280 turns).

Ofeo the Fighter (Demonspawn Shapeshifter)          Turns: 7280, Time: 00:11:47

Health: -1/84      AC:  6    Str: 26    XL:     9   Next: 62%
Magic:  9/9        EV: 28    Int:  9    God:
Gold:   257        SH:  4    Dex: 14    Spells: 8/8 levels left

rFire   + .          .
                       - Unarmed
rCold   + . .        (no shield)
rNeg    + . .        k - +1 ring mail of the Hall of Blades {Slay+2}
rPois   +            (helmet currently unavailable)
rElec   +            (cloak currently unavailable)
rCorr   +            (gloves unavailable)
SInv    .            (boots currently unavailable)
Will    .....        r - amulet of the acrobat
Stlth   +            l - +6 ring of strength
HPRegen 0.34/turn    t - ring of positive energy
MPRegen 0.11/turn

%: acrobat
@: lethally poisoned (-1 -> -8), beast-form, resistant, acrobatic
A: beast (slay +3), claws 3, foul stench 2, condensation shield
a: Begin Untransformation


You were on level 7 of the Dungeon.
You were a hulking beast.
You visited 1 branch of the dungeon, and saw 7 of its levels.

You collected 257 gold pieces.

Inventory:

Armour
 a - a +0 animal skin
 k - the +1 ring mail of the Hall of Blades (worn) {Slay+2}
   (You found it on level 2 of the Dungeon)

   Slay:      It affects your accuracy & damage with ranged weapons and melee
   (+2).
 w - a +1 helmet
Jewellery
 l - a +6 ring of strength (left claw)
 r - an amulet of the acrobat (around neck)
 t - a ring of positive energy (right claw)
Talismans
 c - a beast talisman (active)
 f - a blade talisman
Scrolls
 g - 2 scrolls of enchant armour
 i - 5 scrolls of identify {@r1}
 j - 6 scrolls of poison
 n - a scroll of immolation
 o - a scroll of fear
 q - a scroll of amnesia
Potions
 d - a potion of enlightenment
 e - 3 potions of degeneration
 m - a potion of resistance {@q6}
 p - 2 potions of attraction


   Skills:
 + Level 12.7 Fighting
 + Level 5.2 Dodging
 + Level 5.6 Unarmed Combat
 + Level 4.9 Shapeshifting


You had 8 spell levels left.
You didn't know any spells.
Your spell library contained the following spells:

 Spells                   Type           Power      Damage    Failure   Level
 Foxfire                  Conj/Fire      0%         2x1d4     52%         1
 Summon Small Mammal      Summ           0%         N/A       52%         1
 Poisonous Vapours        Pois/Air       0%         N/A       67%         2
 Call Canine Familiar     Summ           0%         N/A       88%         3
 Mephitic Cloud           Conj/Pois/Air  0%         N/A       88%         3
 Summon Guardian Golem    Hex/Summ       0%         N/A       88%         3
 Fireball                 Conj/Fire      0%         3d3       100%        5
 Freezing Cloud           Conj/Ice/Air   0%         6-21      100%        5
 Iskenderun's Battlesphe  Conj           0%         2d6       100%        5
 Conjure Ball Lightning   Conj/Air       0%         3x3d6     100%        6
 Plasma Beam              Fire/Air       0%         2x1d10    100%        6
 Starburst                Conj/Fire      0%         6d3       100%        6
 Orb of Destruction       Conj           0%         9d5       100%        7


Dungeon Overview and Level Annotations

Branches:
Dungeon (7/15)             Temple (0/1) D:5

Altars:
Dithmenos
Gozag
Makhleb
Vehumet
Xom
Yredelemnul

Shops:
D:4 [


Innate Abilities, Weirdness & Mutations

You are a hulking beast.
Your limbs bulge with bestial killing power. (Slay +3)
You have claws for hands.
You sometimes emit foul miasma when damaged in melee.
A meltable shield of frost defends you. (SH +4)


Message History

A kobold comes into view. It is wielding a +0 short sword.
You take 5 damage, and have 11/63 hp.
* * * LOW HITPOINT WARNING * * *
You feel very sick.
You take 3 damage, and have 8/63 hp.
It was a potion of resistance.
You feel protected.
Your surroundings suddenly seem different. 6 kobolds, a sky beast, a black bear and a sleepcap come into view.
A kobold brigand is wielding a +0 short sword and quivering curare-tipped darts.
Found a scroll of identify.
* * * LOW HITPOINT WARNING * * *
You feel very sick.
The kobold brigand shouts!
The kobold shouts! x2
The black bear growls angrily.
The kobold throws a stone.
You block the stone. The kobold closely misses you.
The kobold completely misses you.
The kobold brigand throws a curare-tipped dart.
You block the curare-tipped dart.
You take 4 damage, and have 4/63 hp.
It was a potion of experience.
You feel more experienced!
Your Fighting skill gained 7 levels and is now at level 12!
You have reached level 9!
Your experience leads to an increase in your attributes!
Your base attributes are Str 18, Int 9, Dex 14.
Increase (s)trength, (i)ntelligence, or (d)exterity?
You feel stronger. x2; Your demonic ancestry asserts itself...
Your foul stench grows more powerful.
* * * LOW HITPOINT WARNING * * *
You feel very sick.
The kobold throws a stone.
The stone hits you.
* * * LOW HITPOINT WARNING * * *
You block the kobold's attack. The kobold hits you but does no damage.
The kobold brigand throws a curare-tipped dart.
The curare-tipped dart hits you.
You take 3 damage, and have 1/84 hp.
MP restored: 9
Found a stone staircase leading down.
You die...

# # .# # ##. .# #
#..#######.##### #
#......>.......# ###
#....#.#....##.# #..
#......h....##.# #..
#..#.K..K#..##.########..
#..K.K..h.$l#.........#..
#?.#.KKf.#.)#########.#..
#..Y.K.......○...........
#....#.#.....o........#.#
#..........K..{.....#....
#...#####.#########.#.#..
### #.# #.#.### .#
#.#.... #.#####


You could see a black bear, a sky beast, a kobold brigand, a sleepcap, an iguana
(fleeing), an orc (fleeing) and 7 kobolds.

Vanquished Creatures
  Duvessa (D:4)
  An ice beast (D:6)
  A phantom (D:6)
  A gnoll sergeant (D:4)
  A kobold brigand (D:6)
  2 scorpions (D:5)
  A wight (D:7)
  Dowan (D:4)
  4 killer bees (D:7)
  2 gnoll boudas
  3 jellies
  2 hounds
  2 orc priests (D:6)
  2 sleepcaps
  2 iguanas
  3 orc wizards
  16 gnolls
  11 adders
  5 worms
  2 dart slugs (D:2)
  12 orcs
  7 endoplasms
  4 giant cockroaches
  8 goblins
  7 hobgoblins
  4 jackals (D:2)
  7 kobolds
  A quokka (D:1)
  8 ball pythons
  2 bats
  3 frilled lizards (D:2)
  3 rats
129 creatures vanquished.

Notes
Turn   | Place    | Note
-------+----------+-------------------------------------------
     0 | D:1      | Ofeo the Demonspawn Shapeshifter began the quest for the
                  | Orb.
     0 | D:1      | Reached XP level 1. HP: 15/15 MP: 1/1
   138 | D:1      | Gained mutation: You have sharp fingernails. [demonic
                  | ancestry]
   138 | D:1      | Reached XP level 2. HP: 19/21 MP: 2/2
   453 | D:2      | Found a faded altar of an unknown god.
   466 | D:2      | Identified the +1 ring mail of the Hall of Blades {Slay+2}
   568 | D:2      | Gained mutation: You have very sharp fingernails. [demonic
                  | ancestry]
   568 | D:2      | Reached XP level 3. HP: 21/26 MP: 3/3
   952 | D:2      | Reached skill level 2 in Fighting
  1498 | D:3      | Gained mutation: A meltable shield of frost defends you.
                  | (SH +4) [demonic ancestry]
  1498 | D:3      | Reached XP level 4. HP: 33/33 MP: 4/4
  1833 | D:3      | You fall into a shaft and drop 1 floor!
  1933 | D:4      | Noticed Duvessa
  1933 | D:4      | Noticed Dowan
  2477 | D:3      | Reached XP level 5. HP: 39/39 MP: 5/5
  2886 | D:4      | Killed Duvessa
  2887 | D:4      | Reached skill level 3 in Fighting
  2913 | D:4      | Killed Dowan
  2914 | D:4      | Reached XP level 6. HP: 37/47 MP: 6/6
  3033 | D:4      | Found a shimmering altar of Xom.
  3042 | D:4      | Found an opulent altar of Gozag.
  3331 | D:4      | Found a faded altar of an unknown god.
  3333 | D:4      | Found a radiant altar of Vehumet.
  3357 | D:4      | Found Ganutzuzom's Armour Boutique.
  3457 | D:5      | Entered Level 5 of the Dungeon
  3475 | D:4      | HP: 2/47 [gnoll sergeant/+7 vampiric spear (9)]
  4027 | D:5      | Gained mutation: You may rarely emit foul miasma when
                  | damaged in melee. [demonic ancestry]
  4027 | D:5      | Reached XP level 7. HP: 52/53 MP: 7/7
  4069 | D:5      | Found a staircase to the Ecumenical Temple.
  4084 | D:5      | Reached skill level 4 in Fighting
  4500 | D:5      | Found a shadowy altar of Dithmenos.
  5149 | D:6      | Reached skill level 5 in Unarmed Combat
  5149 | D:6      | Gained mutation: You have claws for hands. [demonic
                  | ancestry]
  5149 | D:6      | Reached XP level 8. HP: 61/61 MP: 8/8
  6133 | D:6      | Reached skill level 5 in Fighting
  6522 | D:7      | Reached skill level 5 in Dodging
  6583 | D:7      | Found a burning altar of Makhleb.
  6584 | D:7      | Found a basalt altar of Yredelemnul.
  7279 | D:7      | Reached skill level 12 in Fighting
  7279 | D:7      | Gained mutation: You sometimes emit foul miasma when
                  | damaged in melee. [demonic ancestry]
  7279 | D:7      | Reached XP level 9. HP: 6/84 MP: 9/9
  7279 | D:7      | HP: 3/84 [poisoned by a killer bee]
  7279 | D:7      | HP: 1/84 [kobold/stone (2)]
  7280 | D:7      | Succumbed to a killer bee's poison

Illustrated notes

Levels and vault maps discovered:
D:1:      lemuel_arrival_cross, layout_rooms
D:2:      layout_loops_ring, nicolae_ecumenical_pavilion
D:3:      layout_loops_corners, mainiacjoe_overflow_boulevard, amethyst_killhole
D:4:      layout_rooms, chequers_temple_overflow_minitemple, serial_shops,
          nicolae_shop_competitors_out_of_business, minmay_misc_feat_doors,
          ebering_dispersal_statue_hall, uniq_duvessa
D:5:      layout_rooms, mainiacjoe_overflow_surrounded_room,
          minmay_temple_entry_tees, minivault_1
D:6:      minmay_inner_zag, layout_gridville, cheibrodos_sewer_entry_bend
D:7:      lemuel_ice_spiral_2, layout_basic, grunt_temple_overflow_open,
          st_stairs_2

Skill      XL: |  1  2  3  4  5  6  7  8 |
---------------+-------------------------+-----
Dodging        | 2 3 4 5 |  5.2
Unarmed Combat | 3 4 5 |  5.6
Fighting       | 2 3 4 12 | 12.7
Shapeshifting  | 3 4 |  4.9

Action                     |  1- 3 |  4- 6 |  7- 9 || total
---------------------------+-------+-------+-------++-------
  Melee: Unarmed           |   103 |   112 |   135 ||   350
         Punch             |     1 |     1 |     5 ||     7
    Use: Scroll            |       |    14 |     2 ||    16
         Potion            |       |     3 |     2 ||     5
 Armour: Animal skin       |     8 |       |       ||     8
         Ring mail         |    22 |    28 |    26 ||    76
         Skin              |       |     9 |       ||     9
  Dodge: Dodged            |    61 |    69 |    97 ||   227
  Block: Other             |       |    23 |    34 ||    57

Table legend: (Time is in decaauts)
 A = Elapsed time spent in this place.
 B = Non-inter-level travel time spent in this place.
 C = Inter-level travel time spent in this place.
 D = Time resting spent in this place.
 E = Time spent auto-exploring this place.
 F = Levels seen in this place.
 G = Mean time per level.
                   A        B        C        D        E       F      G
               +--------+--------+--------+--------+--------+-----+--------+
         Total |   7256 |   6924 |    332 |   1075 |   4367 |   7 | 1036.6 |
       Dungeon |   7256 |   6924 |    332 |   1075 |   4367 |   7 | 1036.6 |
               +--------+--------+--------+--------+--------+-----+--------+

Top non-repeatable levels by time:
     D:6: 1882 daAuts
     D:4: 1437 daAuts
     D:3: 1146 daAuts
     D:2: 915 daAuts
     D:7: 744 daAuts
     D:5: 680 daAuts
     D:1: 450 daAuts
